 Dungeon Crawl Stone Soup version 0.23.2-1-ga50397a6bc (webtiles) character file.

Game seed: 44014683647463629

174 Mrkan the Poker (level 5, -7/47 HPs)
             Began as a Draconian Berserker on May 19, 2019.
             Was a Believer of Trog.
             Mangled by a gnoll
             ... wielding a +0 spear
              (8 damage)
             ... on level 3 of the Dungeon.
             The game lasted 00:04:38 (2737 turns).

Mrkan the Poker (Draconian Berserker)               Turns: 2737, Time: 00:04:39

Health: -7/47      AC:  5    Str: 19    XL:     5   Next: 28%
Magic:  5/5        EV: 13    Int:  8    God:    Trog [**....]
Gold:   144        SH:  0    Dex: 11    Spells: 4/4 levels left

rFire    . . .     SeeInvis .   e - +0 whip (flame)
rCold    . . .     Gourm    .   (no shield)
rNeg     . . .     Faith    .   (armour unavailable)
rPois    .         Spirit   .   (helmet restricted)
rElec    .         Reflect  .   (no cloak)
rCorr    .         Harm     .   (no gloves)
MR       .....                  (no boots)
Stlth    +.........             (no amulet)
HPRegen  0.15/turn              (no ring)
MPRegen  0.09/turn              (no ring)

@: no status effects
A: unfitting armour, cold-blooded, AC +5
a: Berserk, Trog's Hand, Renounce Religion


You were on level 3 of the Dungeon.
You worshipped Trog.
Trog was pleased with you.
You were hungry.

You visited 1 branch of the dungeon, and saw 3 of its levels.

You collected 144 gold pieces.

Inventory:

Hand Weapons
 a - a +0 spear
 e - a +0 whip of flaming (weapon)
Jewellery
 f - an uncursed ring of fire {unknown}
 n - a +3 ring of intelligence {unknown}
 o - an uncursed ring of see invisible
 p - a +3 ring of protection {unknown}
Scrolls
 b - a scroll of remove curse {unknown}
 c - 2 scrolls of immolation {unknown}
 g - a scroll of blinking {unknown}
 h - 2 scrolls of identify {unknown}
 i - 2 scrolls of amnesia {unknown}
 l - a scroll of teleportation {unknown}
Potions
 d - a potion of ambrosia {unknown}
 j - a potion of haste {unknown}
 m - 2 potions of curing {unknown}
 q - a potion of heal wounds {unknown}
 r - a potion of lignification {unknown}
Comestibles
 k - 3 rations


   Skills:
 + Level 4.3 Fighting
 * Level 4.8 Polearms
 + Level 3.5 Dodging


You had 4 spell levels left.
You didn't know any spells.
Your spell library was empty.

Dungeon Overview and Level Annotations

Branches:
Dungeon (3/15)

Altars:


Innate Abilities, Weirdness & Mutations

Your plain brown scales are hard. (AC +5)
You cannot fit into any form of body armour.
You are cold-blooded and may be slowed by cold attacks.


Message History

The gnoll is almost dead.
The gnoll hits you from afar with a +0 spear.
* * * LOW HITPOINT WARNING * * *
The gnoll closely misses you.
You hit the gnoll but do no damage.
The gnoll is almost dead.
The gnoll hits you from afar with a +0 spear!
* * * LOW HITPOINT WARNING * * *
The gnoll hits you with a +0 spear.
* * * LOW HITPOINT WARNING * * *
You closely miss the gnoll.
The gnoll is almost dead.
The gnoll hits you but does no damage. The gnoll hits you with a +0 spear.
* * * LOW HITPOINT WARNING * * *
You hit the gnoll. You burn the gnoll.
You kill the gnoll!
Trog accepts your kill. The gnoll hits you but does no damage.
The gnoll hits you from afar with a +0 spear!
You die...

##.## ##.....#......
#.# ###.###.#####
#.# #.# #.# #. #.#
#.# ##.###.#####
#..†.......#
##.....###.#
.#############.#####
....gg)@.......#
################


You could see 2 gnolls.

Vanquished Creatures
  A worker ant (D:3)
  A gnoll (D:3)
  6 adders
  3 worms (D:2)
  4 dart slugs
  2 leopard geckos (D:3)
  An orc (D:3)
  5 bats
  4 giant cockroaches
  9 goblins
  10 hobgoblins
  2 jackals (D:2)
  4 kobolds
  A quokka (D:2)
  3 ball pythons
  2 frilled lizards
  10 rats
68 creatures vanquished.

Notes
Turn   | Place    | Note
-------+----------+-------------------------------------------
     0 | D:1      | Mrkan the Draconian Berserker began the quest for the Orb.
     0 | D:1      | Reached XP level 1. HP: 19/19 MP: 1/1
   131 | D:1      | Reached XP level 2. HP: 14/26 MP: 2/2
   962 | D:2      | Reached XP level 3. HP: 29/33 MP: 3/3
  1064 | D:2      | Reached ** piety under Trog
  1738 | D:2      | Reached XP level 4. HP: 40/40 MP: 4/4
  2469 | D:3      | Reached XP level 5. HP: 36/46 MP: 5/5
  2736 | D:3      | HP: 1/46 [gnoll/+0 spear (4)]
  2737 | D:3      | Mangled by a gnoll

Skill      XL: |  1  2  3  4 |
---------------+-------------+-----
Dodging        | 3 |  3.5
Polearms       | 4 |  4.8
Fighting       | 4 |  4.3

Action                   |  1- 3 |  4- 6 || total
-------------------------+-------+-------++-------
Melee: Spear             |    33 |       ||    33
       Tailslap          |    17 |    15 ||    32
       Whip              |   104 |   112 ||   216
 Stab: Sleeping          |       |     2 ||     2
  Eat: Ration            |     1 |       ||     1
       Chunk             |       |     2 ||     2
Armor: Skin              |    38 |    32 ||    70
Dodge: Dodged            |    88 |    85 ||   173
